 Dungeon Crawl Stone Soup version 0.28.0-43-g3370ac3207 (webtiles) character file.

Game seed: 276167552135898899

101551 croobank the Impaler (level 16, -6/147 HPs)
             Began as a Hill Orc Fighter on Mar 28, 2022.
             Was the Champion of Beogh.
             Succumbed to a redback's poison
             ... on level 3 of the Spider Nest on Mar 29, 2022.
             The game lasted 02:54:00 (29876 turns).

croobank the Impaler (Hill Orc Fighter)            Turns: 29876, Time: 02:54:00

Health: -6/147     AC:  2    Str: 25    XL:     16   Next: 30%
Magic:  24/26      EV: 16    Int:  8    God:    Beogh [******]
Gold:   2387       SH: 19    Dex: 10    Spells: 15/15 levels left

rFire   + . .      SeeInvis +   t - +7 spear "Xathuykk" {protect, Fragile rElec rC+++ Str-2}
rCold   + + +      Faith    .   F - +2 tower shield
rNeg    . . .      Spirit   .   b - +6 scale mail {rF+}
rPois   .          Reflect  .   K - +1 helmet
rElec   +          Harm     .   S - +2 cloak
rCorr   .          Rampage  .   h - +3 pair of gauntlets of War {Slay+5}
Will    ++...                   e - +2 pair of boots
Stlth   ..........              G - amulet of regeneration
HPRegen 1.14/turn               s - ring of the Hare {EV+8}
MPRegen 0.20/turn               C - ring "Ruyph" {+Blink Will+ SInv}

@: lethally poisoned (-6 -> -55), corroded, studying Short Blades
A: walk on water, talons 2, cold resistance 1
a: Renounce Religion, Evoke Blink, Smiting, Recall Orcish Followers, Give Item
to Named Follower, Resurrection


You were on level 3 of the Spider Nest.
You worshipped Beogh.
Beogh was exalted by your worship.
You visited 5 branches of the dungeon, and saw 27 of its levels.
You also visited: Sewer.

You collected 2959 gold pieces.
You spent 572 gold pieces at shops.

Inventory:

Hand Weapons
 t - the +7 spear "Xathuykk" (weapon) {protect, Fragile rElec rC+++ Str-2}
   (You found it in a sewer)

   It grants its wielder temporary protection when it strikes (+7 to AC).
   Str:       It affects your strength (-2).
   rC:        It renders you almost immune to cold.
   rElec:     It insulates you from electricity.
   Fragile:   It will be destroyed if unequipped.
 x - a +7 trident
 B - the +4 flail of the Bespelling Firefly {holy, Str+4}
   (You found it on level 14 of the Dungeon)

   It has been blessed by the Shining One to cause great damage to the undead
   and demons.
   Str:       It affects your strength (+4).
 W - a +0 hand crossbow
 X - the +5 war axe "Palicvys" {pain, rN+ rCorr Str+3}
   (You found it on level 9 of the Dungeon)

   In the hands of one skilled in necromantic magic, it inflicts extra damage on
   living creatures.
   Str:       It affects your strength (+3).
   rN:        It protects you from negative energy.
   rCorr:     It protects you from acid and corrosion.
 Z - a +2 war axe of flaming
Missiles
 f - 9 curare-tipped darts (quivered)
 y - 143 bolts
Armour
 b - a +6 scale mail of fire resistance (worn)
 e - a +2 pair of boots (worn)
 h - the +3 pair of gauntlets of War (worn) {Slay+5}
   (You found it on level 2 of the Orcish Mines)

   Slay:      It affects your accuracy & damage with ranged weapons and melee
   (+5).
 F - a +2 tower shield (worn)
 K - a +1 helmet (worn)
 S - a +2 cloak (worn)
Jewellery
 m - a ring of positive energy
 s - the ring of the Hare (left hand) {EV+8}
   (You found it on level 7 of the Dungeon)

   [ring of evasion]

   EV:        It affects your evasion (+8).
 z - a ring of flight
 C - the ring "Ruyph" (right hand) {+Blink Will+ SInv}
   (You found it on level 6 of the Lair of Beasts)

   [ring of see invisible]

   SInv:      It lets you see invisible.
   +Blink:    It lets you blink.
   Will:      It increases your willpower.
 G - an amulet of regeneration (around neck)
 I - a ring of willpower
 M - a ring of resist corrosion
 N - a ring of poison resistance
 O - a +4 ring of protection
 T - a ring of protection from cold
Wands
 j - a wand of charming (12)
 q - a wand of paralysis (16)
 r - a wand of flame (26)
 H - a wand of iceblast (14)
 L - a wand of acid (18)
 R - a wand of mindburst (20)
Scrolls
 c - 2 scrolls of fear
 i - 2 scrolls of magic mapping
 o - 4 scrolls of identify
 A - 9 scrolls of fog
 E - a scroll of holy word
 J - a scroll of enchant armour
 P - 6 scrolls of teleportation
 U - 2 scrolls of blinking
 Y - 2 scrolls of summoning
Potions
 d - 4 potions of curing
 g - 4 potions of cancellation
 k - 8 potions of lignification
 l - 4 potions of brilliance
 n - 13 potions of ambrosia
 p - 5 potions of heal wounds
 u - 3 potions of might
 v - 6 potions of mutation
 w - 4 potions of invisibility
 Q - 4 potions of flight
Miscellaneous
 a - a tin of tremorstones (2/2)
 D - a condenser vane
 V - a lightning rod (4/4)


   Skills:
 + Level 14.7 Fighting
 - Level 9.3(15.7) Axes
 - Level 17.0(17.6) Polearms
 + Level 13.6 Armour
 + Level 0.6 Dodging
 + Level 13.7 Shields
 + Level 14.2 Invocations


You had 15 spell levels left.
You didn't know any spells.
Your spell library contained the following spells:

 Spells                   Type           Power      Damage    Failure   Level
 Magic Dart               Conj           0%         1d3       98%         1
 Sting                    Tmut/Pois      0%         1d3       98%         1
 Poisonous Vapours        Pois/Air       0%         N/A       99%         2
 Scorch                   Fire           0%         2d5       99%         2
 Searing Ray              Conj           0%         2d4       99%         2
 Conjure Flame            Conj/Fire      0%         6-21      100%        3
 Dazzling Flash           Conj/Hex       0%         N/A       100%        3
 Ignite Poison            Fire/Tmut/Pois 0%         N/A       100%        3
 Stone Arrow              Conj/Erth      0%         3d7       100%        3
 Animate Armour           Summ/Erth      0%         N/A       100%        4
 Flame Wave               Conj/Fire      0%         2d4       100%        4
 Fulminant Prism          Conj/Hex       0%         3d6       100%        4
 Iskenderun's Mystic Bla  Conj/Tloc      0%         2d3       100%        4
 Olgreb's Toxic Radiance  Pois           0%         N/A       100%        4
 Sticky Flame             Conj/Fire      0%         2d3       100%        4
 Summon Ice Beast         Ice/Summ       0%         N/A       100%        4
 Alistair's Intoxication  Tmut/Pois      0%         N/A       100%        5
 Borgnjor's Vile Clutch   Necr/Erth      0%         N/A       100%        5
 Summon Forest            Summ/Tloc      0%         N/A       100%        5
 Summon Mana Viper        Hex/Summ       0%         N/A       100%        5
 Dispersal                Tloc           0%         N/A       100%        6
 Eringya's Noxious Bog    Tmut/Pois      0%         N/A       100%        6
 Starburst                Conj/Fire      0%         6d3       100%        6
 Summon Cactus Giant      Summ           0%         N/A       100%        6
 Spellforged Servitor     Conj/Summ      0%         N/A       100%        7
 Summon Hydra             Summ           0%         N/A       100%        7
 Disjunction              Tloc           0%         N/A       100%        8
 Lehudib's Crystal Spear  Conj/Erth      0%         10d2      100%        8


Dungeon Overview and Level Annotations

Branches:
Dungeon (14/15)            Temple (0/1) D:5            Lair (6/6) D:11
 Shoals (0/4) Lair:3       Spider (3/4) Lair:3        Slime (0/5) Lair:6
    Orc (2/2) D:11            Elf (2/3) Orc:2        Vaults (0/5) D:14
  Sewer (visited)

Altars:
Cheibriados
Elyvilon
Fedhas
Gozag
Makhleb
Okawaru
Qazlal
Ru
Trog
Vehumet
Wu Jian
Zin
Beogh

Shops:
D:2 !   D:8 =   Orc:2 ?((*

Annotations:
D:9 2 transporters, Jingleheimer's ghost, novice GrEE
D:10 1 transporter
D:14 3 runed translucent doors, Ytheofip's ghost, journeyman FoFi
Elf:2 1 runed translucent door


Innate Abilities, Weirdness & Mutations

You can walk on water.
You have razor-sharp toenails.
Your flesh is cold resistant. (rC+)


Message History

Beogh accepts your kill.
Beogh appreciates your killing of a heretic priest.
The meliai calls down the wrath of its god upon you.
Something smites you!
* * * LOW HITPOINT WARNING * * *
You feel much better.
You feel extremely sick. The redback closely misses you.
The meliai calls down the wrath of its god upon you.
Something smites you!
* * * LOW HITPOINT WARNING * * *
Brandogh unwields a +0 arbalest.
Brandogh wields a +1 battleaxe of freezing.
It glows with a cold blue light!
Brandogh closely misses the meliai.
You block the redback's attack.
Morguth unwields a +1 arbalest.
Morguth wields a +3 battleaxe of pain.
Morguth hits the meliai with a +3 battleaxe of pain!!!
The meliai dies!
Beogh accepts your kill.
Beogh appreciates your killing of a heretic priest.
You block the meliai's attack.
The meliai hits Brandogh but does no damage.
You block the meliai's attack.
You feel much better.
You feel extremely sick.
The meliai mumbles some strange prayers to its god against you.
Something smites you!
* * * LOW HITPOINT WARNING * * *
The redback bites you!
* * * LOW HITPOINT WARNING * * *
You are more poisoned.
The redback poisons you!
Brandogh hits the meliai with a +1 battleaxe of freezing!!
Brandogh freezes the meliai!
The meliai dies!
Beogh accepts your kill.
Beogh appreciates your killing of a heretic priest.
Morguth evades a web.
You swap places.
You die...

## ...#.....##.. .####
^.....^....# .##.##
##.^##....(....
.#.^.########..##..#.......
.....#......#.........##!.#
###..................^#....
.#...oo.####......s......
.#..#.#....##.#..o##yy.
..o^##.#....###.@).#†#
.o#.#.#.######..o##o#
...#......###....##.#
.......<^..##..#.ooo#
.....#.....###....o##
.#.###..#### #...###
^..###### ##^## ....# ####
### #..####..##


You could see a redback (ally target), the friendly Milork the orc warlord
(strong), the friendly Morguth the orc warlord (strong), the friendly Bolgrim
the orc knight (strong) and the friendly Brandogh the orc knight (strong).

Vanquished Creatures
  Nikola (Spider:1)
  An emperor scorpion (Spider:1)
  A deep elf demonologist (Elf:1)
  Azrael (D:14)
  A deep elf annihilator (Elf:2)
  2 entropy weavers
  Josephine (Lair:4)
  An ice dragon (D:14)
  4 hydras
  Harold (D:9)
  Erica (D:8)
  A catoblepas (Lair:6)
  An ogre mage (D:11)
  A boulder beetle (D:12)
  5 two-headed ogres
  3 dancing weapons (Elf:1)
  A death yak (D:11)
  3 deep elf knights
  A steelbarb worm (Spider:3)
  Pikel (D:9)
  3 deep elf zephyrmancers (Elf:1)
  An orc knight (Orc:2)
  A wolf spider (Spider:1)
  A deep elf pyromancer (Elf:1)
  2 cyclopes (D:12)
  An orc sorcerer (Orc:2)
  4 elephants
  3 centaur zombies
  A moth of wrath (Spider:2)
  2 black mambas
  A torpor snail (Spider:3)
  Maggie (D:9)
  4 komodo dragons
  5 cane toads
  2 demonic crawlers
  2 rime drakes
  An efreet (D:14)
  A kobold demonologist (D:12)
  A merfolk (Lair:3)
  3 polar bears
  7 meliai
  A queen bee (shapeshifter) (Elf:1)
  8 tarantellas
  A troll (Orc:1)
  Prince Ribbit (D:7)
  5 blink frogs
  A dream sheep (Lair:5)
  3 slime creatures (D:13)
  3 wraiths
  2 jumping spiders
  3 culicivoras
  A vampire (D:10)
  A wyvern (D:10)
  A shadow (D:10)
  A fire elemental (Elf:1)
  23 yaks
  A steam dragon (D:8)
  A redback simulacrum (D:13)
  3 basilisks
  16 redbacks
  Menkaure (D:7)
  2 vampire mosquitoes (D:13)
  Edmund (D:6)
  12 water moccasins
  An acid dragon (D:9)
  8 wargs
  5 hell hounds
  7 orc warriors
  2 sky beasts
  An ice beast (D:6)
  5 black bears
  A necrophage (D:7)
  An ogre (D:11)
  9 wolves
  4 centaurs
  2 lemures (D:9)
  8 bullfrogs
  3 kobold brigands
  2 wyvern zombies
  2 scorpions
  9 killer bees (Spider:1)
  A howler monkey (D:10)
  11 wights
  4 electric eels
  2 hounds
  A crimson imp (D:5)
  2 jellies (Lair:6)
  Crazy Yiuf (D:7)
  8 orc priests
  2 bullfrog skeletons (D:6)
  A centaur skeleton (D:7)
  A gnoll shaman (D:4)
  Terence (D:2)
  An iguana (D:5)
  14 orc wizards
  A scorpion zombie (D:5)
  2 killer bee zombies
  A hound skeleton (D:4)
  A howler monkey zombie (D:9)
  6 gnolls
  14 adders
  3 howler monkey skeletons
  12 river rats (Sewer)
  A shadow imp (D:6)
  An ufetubus (D:5)
  An adder skeleton (D:2)
  A dart slug (D:3)
  33 orcs
  16 ball pythons
  7 bats
  4 endoplasms
  13 giant cockroaches
  5 goblins
  10 hobgoblins
  5 jackals
  4 quokkas
  5 frilled lizards
  33 kobolds
  21 rats
491 creatures vanquished.

Vanquished Creatures (collateral kills)
  Arachne (Spider:2)
  Kirke (Spider:3)
  3 ghost moths
  2 broodmothers (Spider:1)
  An entropy weaver (Spider:3)
  A deep elf death mage (Elf:2)
  The ghost of Wentworth the Grappler, a journeyman TrMo of Okawaru (Orc:2)
  3 hydras
  A jorogumo (Spider:1)
  2 centaur warriors (D:13)
  A catoblepas (Lair:5)
  6 boulder beetles
  4 two-headed ogres
  A death knight (D:13)
  3 dancing weapons
  2 deep elf knights
  Nergalle (Lair:2)
  A sun moth (Spider:3)
  A deep troll (D:14)
  2 pharaoh ants
  A swamp dragon (shapeshifter) (D:14)
  6 orb spiders
  A deep elf archer (Elf:1)
  4 deep elf pyromancers
  5 deep elf zephyrmancers (Elf:1)
  A phantasmal warrior (D:13)
  An orc knight (Orc:2)
  9 wolf spiders
  3 orc sorcerers (Orc:2)
  An ugly thing (D:13)
  A moth of wrath (Spider:3)
  A cyclops (D:12)
  2 black mambas
  21 elephants
  2 merfolk sirens (Lair:3)
  5 cane toads
  A gargoyle (D:14)
  7 torpor snails
  A guardian serpent (shapeshifter) (D:13)
  4 demonic crawlers
  A rime drake (Lair:6)
  6 komodo dragons
  A freezing wraith (D:13)
  A queen bee (Spider:1)
  8 meliai
  3 trolls
  11 tarantellas
  8 polar bears
  A raiju (Lair:6)
  2 slime creatures
  2 blink frogs (Lair:5)
  4 dream sheep (Lair:5)
  12 jumping spiders
  19 yaks
  7 culicivoras
  A shadow (D:12)
  2 wyverns
  6 wraiths
  3 basilisks
  A fire elemental (D:14)
  37 redbacks
  An acid dragon (D:12)
  7 wargs
  7 water moccasins
  13 hell hounds
  8 black bears
  3 orc warriors
  25 wolves
  5 ogres
  A gnoll sergeant (D:12)
  2 bullfrogs
  2 earth elementals (Elf:1)
  12 killer bees (Spider:1)
  2 howler monkeys (D:13)
  7 orc priests
  A jelly (Lair:6)
  14 orc wizards
  5 hell rats (Lair:6)
  A gnoll (D:12)
  10 orcs
377 creatures vanquished.

Vanquished Creatures (others)
  An orc high priest (Elf:1)
  2 orc sorcerers
  A deep elf zephyrmancer (Elf:1)
  A tarantella (Spider:3)
  4 humans (Spider:3)
  A redback (Spider:1)
  9 orc warriors
  A howler monkey (D:7)
  An electric eel (D:14)
  12 orc priests
  16 orc wizards
  19 orcs
  46 fungi
  54 plants
168 creatures vanquished.

Grand Total: 1036 creatures vanquished

Notes
Turn   | Place    | Note
-------+----------+-------------------------------------------
     0 | D:1      | croobank the Hill Orc Fighter began the quest for the Orb.
     0 | D:1      | Reached XP level 1. HP: 19/19 MP: 1/1
    92 | D:1      | Found a faded altar of an unknown god.
    96 | D:1      | Reached XP level 2. HP: 27/27 MP: 2/2
   463 | D:2      | Reached XP level 3. HP: 33/33 MP: 3/3
   679 | D:2      | Found Osec's Distillery.
   788 | D:2      | Noticed Terence
   796 | D:2      | Killed Terence
   797 | D:2      | Reached XP level 4. HP: 39/40 MP: 4/4
  2312 | D:3      | Reached XP level 5. HP: 45/47 MP: 5/5
  2334 | D:3      | Found a bloodstained altar of Trog.
  2497 | D:4      | Found a glowing drain.
  2511 | Sewer    | Entered a sewer
  2795 | Sewer    | Reached skill level 5 in Fighting
  2829 | Sewer    | Reached XP level 6. HP: 23/56 MP: 6/6
  3324 | Sewer    | Identified the +7 spear "Xathuykk" {protect, Fragile rElec
                  | rC+++ Str-2}
  3544 | Sewer    | Reached skill level 5 in Axes
  3986 | D:4      | Reached skill level 5 in Armour
  3986 | D:4      | Reached skill level 5 in Shields
  3986 | D:4      | Reached XP level 7. HP: 43/61 MP: 7/7
  4640 | D:4      | Found a sacrificial altar of Ru.
  4726 | D:5      | Entered Level 5 of the Dungeon
  4774 | D:5      | Found a snail-covered altar of Cheibriados.
  4920 | D:5      | Found a radiant altar of Vehumet.
  4921 | D:5      | Found a burning altar of Makhleb.
  5071 | D:5      | Found a staircase to the Ecumenical Temple.
  5537 | D:6      | Reached XP level 8. HP: 37/71 MP: 8/8
  5720 | D:6      | Found a white marble altar of Elyvilon.
  5735 | D:6      | Reached skill level 1 in Polearms
  6095 | D:6      | Found a stormy altar of Qazlal.
  6120 | D:6      | Noticed Edmund
  6133 | D:6      | Killed Edmund
  6134 | D:6      | Reached skill level 2 in Polearms
  6237 | D:6      | Reached skill level 3 in Polearms
  6583 | D:7      | Became a worshipper of Beogh the Brigand
  6625 | D:7      | Reached skill level 1 in Invocations
  6687 | D:7      | Reached skill level 4 in Polearms
  6691 | D:7      | Reached XP level 9. HP: 67/79 MP: 7/10
  6795 | D:7      | Noticed Prince Ribbit
  6808 | D:7      | Killed Prince Ribbit
  7079 | D:7      | Reached skill level 5 in Polearms
  7124 | D:7      | Found the ring of the Hare {EV+8}
  7130 | D:7      | Noticed a two-headed ogre
  7195 | D:7      | Gained mutation: You have sharp toenails. [potion of
                  | mutation]
  7195 | D:7      | Gained mutation: Your flesh is cold resistant. (rC+)
                  | [potion of mutation]
  7195 | D:7      | Gained mutation: You have razor-sharp toenails. [potion of
                  | mutation]
  7315 | D:7      | Killed a two-headed ogre
  7316 | D:7      | Reached skill level 6 in Polearms
  7492 | D:7      | Found a runed translucent door.
  7493 | D:7      | Noticed Crazy Yiuf
  7503 | D:7      | Killed Crazy Yiuf
  7503 | D:7      | Reached * piety under Beogh
  7597 | D:7      | Found an opulent altar of Gozag.
  7601 | D:7      | Found a glowing silver altar of Zin.
  7665 | D:7      | Noticed Menkaure
  7681 | D:7      | Killed Menkaure
  7881 | D:8      | Reached XP level 10. HP: 76/88 MP: 10/13
  8087 | D:8      | Reached skill level 5 in Invocations
  8116 | D:8      | Noticed Harold
  8129 | D:9      | Noticed Pikel
  8133 | D:9      | Identified the +5 war axe "Palicvys" {pain, rN+ rCorr
                  | Str+3}
  8154 | D:9      | Noticed Maggie
  8206 | D:9      | Killed Maggie
  8207 | D:9      | Reached skill level 7 in Polearms
  8645 | D:9      | Killed Pikel
  9059 | D:9      | Noticed Jingleheimer's ghost (novice GrEE)
  9110 | D:9      | Found a transporter.
  9111 | D:9      | Found a transporter.
  9168 | D:9      | Noticed a two-headed ogre
  9181 | D:9      | Killed a two-headed ogre
  9182 | D:9      | Reached skill level 8 in Polearms
  9188 | D:10     | Entered Level 10 of the Dungeon
  9214 | D:10     | Reached ** piety under Beogh
  9466 | D:9      | Killed Harold
  9467 | D:9      | Reached XP level 11. HP: 82/97 MP: 13/15
  9618 | D:8      | Reached skill level 9 in Polearms
  9686 | D:8      | Noticed Erica
  9696 | D:8      | Killed Erica
  9808 | D:8      | Found Mimehol's Jewellery Shop.
  9830 | D:8      | Bought a ring of resist corrosion for 320 gold pieces
  9937 | D:8      | Found a blossoming altar of Fedhas.
 10300 | D:10     | Found an ornate altar of the Wu Jian Council.
 10367 | D:10     | Noticed a two-headed ogre
 10382 | D:10     | Killed a two-headed ogre
 10462 | D:10     | Noticed a cyan ugly thing
 10463 | D:10     | Found a corrupted altar of Lugonu.
 10463 | D:10     | Noticed a worldbinder
 10532 | D:10     | You fall into a shaft and drop 3 floors!
 10537 | D:13     | Noticed a centaur warrior
 10537 | D:13     | Noticed a boulder beetle
 10542 | D:13     | Noticed a boulder beetle
 10636 | D:11     | Noticed a death yak
 10715 | D:11     | Noticed a two-headed ogre
 10716 | D:11     | Noticed a two-headed ogre
 10725 | D:11     | Noticed an ogre mage
 10726 | D:11     | Noticed a two-headed ogre
 10840 | D:10     | Reached skill level 10 in Fighting
 11030 | D:10     | Found a transporter.
 11031 | D:10     | Noticed a deep troll
 11031 | D:10     | Noticed a brown very ugly thing
 11031 | D:10     | Noticed an orb spider
 11118 | D:10     | Reached skill level 10 in Polearms
 11297 | D:10     | Found an iron altar of Okawaru.
 11504 | D:10     | Noticed a manticore
 11507 | D:10     | Noticed a mana viper
 11617 | D:11     | Killed a death yak
 12262 | D:11     | Found a staircase to the Lair.
 12271 | Lair:1   | Entered Level 1 of the Lair of Beasts
 12374 | Lair:1   | Noticed a five-headed hydra
 12387 | Lair:1   | Killed a five-headed hydra
 12388 | Lair:1   | Reached XP level 12. HP: 97/107 MP: 16/18
 12581 | Lair:1   | Noticed a seven-headed hydra
 12599 | Lair:1   | Killed a seven-headed hydra
 12615 | Lair:1   | Reached *** piety under Beogh
 12616 | Lair:1   | Reached skill level 11 in Polearms
 12624 | Lair:1   | Reached skill level 10 in Shields
 13556 | Lair:2   | Gained Milork as an ally
 13557 | Lair:2   | Reached skill level 10 in Armour
 13586 | Lair:2   | Noticed Nergalle
 13596 | Lair:2   | Killed Nergalle
 14139 | Lair:2   | Noticed a four-headed hydra
 14146 | Lair:2   | Killed a four-headed hydra
 14641 | Lair:3   | Noticed a six-headed hydra
 14656 | Lair:3   | Killed an eight-headed hydra
 14657 | Lair:3   | Reached skill level 12 in Polearms
 14813 | Lair:3   | Found a hole to the Spider Nest.
 15226 | Lair:3   | Found a staircase to the Shoals.
 15236 | Lair:3   | Reached skill level 10 in Invocations
 15453 | Lair:4   | You fall into a shaft and drop 1 floor!
 15453 | Lair:5   | Noticed a four-headed hydra
 15464 | Lair:5   | Killed a four-headed hydra
 15465 | Lair:5   | Reached XP level 13. HP: 79/116 MP: 13/20
 15922 | Lair:4   | Reached **** piety under Beogh
 15947 | Lair:4   | Reached skill level 13 in Polearms
 16328 | Lair:4   | Noticed Josephine
 16350 | Lair:4   | Killed Josephine
 18049 | Lair:6   | Entered Level 6 of the Lair of Beasts
 18332 | Lair:6   | Reached ***** piety under Beogh
 18334 | Lair:6   | Gained Morguth as an ally
 18353 | Lair:6   | Found a staircase to the Slime Pits.
 18803 | Lair:6   | Reached skill level 14 in Polearms
 18841 | Lair:6   | Reached XP level 14. HP: 127/127 MP: 22/22
 19004 | Lair:6   | Identified the ring "Ruyph" {+Blink Will+ SInv}
 19629 | D:11     | Found a staircase to the Orcish Mines.
 20173 | D:12     | Found an iron altar of Okawaru.
 20597 | Orc:1    | Entered Level 1 of the Orcish Mines
 20622 | Orc:1    | Found a roughly hewn altar of Beogh.
 20938 | Orc:2    | Entered Level 2 of the Orcish Mines
 21153 | Orc:2    | Noticed Wentworth's ghost (journeyman TrMo)
 21153 | Orc:2    | Found the +3 pair of gauntlets of War {Slay+5}
 21155 | Orc:2    | Found a transporter.
 21159 | Orc:2    | Found a transporter.
 21203 | Orc:2    | Found a staircase to the Elven Halls.
 21405 | Orc:2    | Gained Dorog as an ally
 21480 | Orc:2    | Found Jafral's Weapon Shoppe.
 21480 | Orc:2    | Found Gefocw's General Store.
 21484 | Orc:2    | Found Plog's Antique Weapon Emporium.
 21488 | Orc:2    | Found Diguch's Magic Scroll Shoppe.
 21518 | Orc:2    | Bought a scroll of enchant armour for 90 gold pieces
 21518 | Orc:2    | Bought a scroll of teleportation for 36 gold pieces
 21518 | Orc:2    | Bought a scroll of teleportation for 36 gold pieces
 21518 | Orc:2    | Bought a scroll of enchant armour for 90 gold pieces
 21579 | Orc:2    | Reached skill level 15 in Polearms
 21587 | Orc:2    | Killed Wentworth's ghost
 21843 | Elf:1    | Entered Level 1 of the Elven Halls
 21928 | Elf:1    | Noticed a deep elf demonologist
 21930 | Elf:1    | Noticed an Executioner
 21939 | Elf:1    | Noticed a Tzitzimitl
 21939 | Elf:1    | Killed a deep elf demonologist
 21963 | Elf:1    | Got the Tome of Calling
 22180 | Elf:1    | Your ally Dorog died
 22503 | Elf:1    | Reached XP level 15. HP: 133/136 MP: 24/24
 22971 | Elf:2    | Found a runed translucent gate.
 24088 | D:13     | Identified the +0 pair of gloves of Ignis's Envy {rN++}
 24196 | D:13     | Gained Norbak as an ally
 24333 | D:13     | Gained Brandogh as an ally
 24662 | D:14     | Found a gate to the Vaults.
 24689 | D:14     | Noticed Azrael
 24698 | D:14     | Your ally Norbak died
 24702 | D:14     | Killed Azrael
 24705 | D:14     | Gained Bolgrim as an ally
 24828 | D:14     | Found a stormy altar of Qazlal.
 25236 | D:14     | Identified the +4 flail of the Bespelling Firefly {holy,
                  | Str+4}
 25437 | D:14     | Found a runed translucent gate.
 25438 | D:14     | Found a runed translucent gate.
 25438 | D:14     | Found a runed translucent gate.
 25440 | D:14     | Noticed Ytheofip's ghost (journeyman FoFi)
 26364 | Spider:1 | Entered Level 1 of the Spider Nest
 26374 | Spider:1 | Reached skill level 16 in Polearms
 26419 | Spider:1 | Noticed a ghost moth
 26428 | Spider:1 | Killed a ghost moth
 26628 | Spider:1 | Noticed Nikola
 26647 | Spider:1 | Killed Nikola
 27331 | Spider:1 | Found a roughly hewn altar of Beogh.
 27416 | Spider:1 | Noticed an emperor scorpion
 27425 | Spider:1 | Killed an emperor scorpion
 27902 | Spider:2 | Noticed a ghost moth
 27909 | Spider:2 | Killed a ghost moth
 27909 | Spider:2 | Gained Borgk as an ally
 28269 | Spider:2 | Noticed Arachne
 28278 | Spider:2 | Killed Arachne
 29168 | Spider:3 | Noticed Kirke
 29178 | Spider:3 | Killed Kirke
 29179 | Spider:3 | Reached XP level 16. HP: 133/147 MP: 26/26
 29203 | Spider:3 | Reached ****** piety under Beogh
 29436 | Spider:3 | Reached skill level 17 in Polearms
 29875 | Spider:3 | HP: 5/147 [redback (14)]
 29876 | Spider:3 | Succumbed to a redback's poison

Illustrated notes

Levels and vault maps discovered:
D:1:      nzn_arrival_crosshair, layout_rooms, chequers_ecumenical_altar_simple
D:2:      minmay_roachtagon, layout_basic, serial_shops, shop,
          kennysheep_generic_room_11, uniq_terence
D:3:      layout_loops_ring, marbit_many_paths, kennysheep_boxes
D:4:      layout_gridville, nicolae_ru_the_path_less_chosen,
          portal_sewer_entry_d, palyth_stone_intersect
D:5:      layout_loops_ring, grunt_temple_overflow_lords_of_destruction,
          cheibriados_altar_1, minmay_temple_entry_grid
D:6:      layout_loops_ring, mainiacjoe_overflow_small_starburst,
          nicolae_elyvilon_temple_path, uniq_edmund
D:7:      layout_rooms, grunt_temple_overflow_gold_and_silver,
          uniq_crazy_yiuf_cottage, uniq_prince_ribbit1, uniq_menkaure
D:8:      layout_loops_ring, fedhas_altar_fruit_tree, serial_shops,
          nicolae_shop_crystal, uniq_erica, uniq_harold
D:9:      layout_rooms, nzn_ghost_randoct, uniq_pikel, uniq_maggie
D:10:     gammafunk_corrupted_shrine, layout_basic, kennysheep_mini,
          mainiacjoe_overflow_paths, st_stairs_10, nicolae_figureground_sparkle
D:11:     layout_irregular_city, david_lair_generic, orc_0_dummy,
          serial_column_ruins, column_ruins_open_medium, column_ruins_grid_1,
          column_ruins_corridor_straight, column_ruins_columns_dead_end,
          column_ruins_grid_3, column_ruins_columns_corner
D:12:     layout_cave_pools, okawaru_trees_2
D:13:     layout_rooms, gauntlet_entry_generic
D:14:     layout_loops_ring, david_vaults_4, gammafunk_ghost_spectres,
          nicolae_qazlal_general_emergency, lemuel_freeze_loot_1, uniq_azrael
Lair:1:   layout_big_grid, grunt_forest_stairs_basic, serial_bayou_shore_a,
          grunt_megastairs_3
Lair:2:   layout_roguey, grunt_forest_small_clearings, uniq_nergalle
Lair:3:   layout_gridlike, elwin_shoals_entry_rooms, spider_nest_entry_web_field
Lair:4:   layout_roguey, serial_bayou_shore_b, uniq_josephine
Lair:5:   layout_loops_ring, grunt_megastairs_5
Lair:6:   hangedman_lair_caniforms_friends, layout_concentric_octagons,
          minmay_slime_entry_pillars
Spider:1: nicolae_spider_mines_2, special_room [special_room_bee],
          hellmonk_spider_spawner, hangedman_spider_tarantella_strand,
          uniq_nikola
Spider:2: layout_chambers, uniq_arachne
Spider:3: layout_spider_delve, nicolae_spider_moth_buddies, uniq_kirke
Orc:1:    layout_diamond_mine, basic_altar
Orc:2:    st_orc_mages, layout_diamond_mine, gammafunk_ghost_smash,
          mines5_lemuel
Elf:1:    layout_geoelf_grid, minmay_elf_demonology
Elf:2:    nicolae_elf_blades_splatter_lattice
          [nicolae_blade_entry_sentries_behind_glass], layout_onion_city,
          basic_altar, drop_trap, uniq_jorgrun

Skill      XL: |  1  2  3  4  5  6  7  8  9 10 11 12 13 14 15 16 |
---------------+-------------------------------------------------+-----
Axes           | 3 4 5 6 8 9 |  9.3
Fighting       | 4 5 6 7 8 9 10 11 12 13 14 | 14.7
Armour         | 4 5 6 7 8 9 10 11 12 13 | 13.6
Shields        | 4 5 6 7 8 9 10 11 12 13 | 13.7
Polearms       | 4 6 8 10 12 14 15 16 17 | 17.0
Invocations    | 1 4 6 8 10 11 12 13 14 | 14.2
Dodging        | |  0.6

Action                   |  1- 3 |  4- 6 |  7- 9 | 10-12 | 13-15 | 16-18 || total
-------------------------+-------+-------+-------+-------+-------+-------++-------
Melee: War axe           |    87 |   251 |   101 |       |       |       ||   439
       Spear             |       |       |   215 |   977 |  1272 |   152 ||  2616
Throw: Stone             |       |     1 |       |       |       |       ||     1
       Dart              |       |       |       |       |     1 |       ||     1
Invok: Convert to Beogh  |       |       |     1 |       |       |       ||     1
       Smiting           |       |       |       |     7 |    28 |     3 ||    38
       Give Item to Name |       |       |       |       |     3 |       ||     3
       Recall Orcish Fol |       |       |       |       |     1 |       ||     1
Evoke: Wand              |       |       |     2 |     4 |       |       ||     6
       Tin of tremorston |       |       |       |     1 |       |       ||     1
  Use: Potion            |     1 |       |     3 |     8 |       |     3 ||    15
       Scroll            |       |     7 |     6 |    21 |     6 |       ||    40
 Stab: Paralysed         |       |       |    12 |    12 |     1 |       ||    25
       Distracted        |       |       |       |     3 |     6 |       ||     9
Armor: Scale mail        |    48 |   158 |   148 |   332 |   534 |    65 ||  1285
Dodge: Dodged            |    64 |   139 |   112 |   486 |   589 |    65 ||  1455
Block: Buckler           |    23 |    58 |    52 |   102 |       |       ||   235
       Tower shield      |       |       |       |   306 |  1101 |   158 ||  1565
